 Dungeon Crawl Stone Soup version 0.31-a0-193-gdfe2569204 (webtiles) character file.

Game seed: 10003946138169905756

3 qw the Shooter (level 1, -2/12 HPs)
             Began as a Deep Elf Hunter on June 24, 2023.
             Slain by a goblin
             ... wielding a +0 dagger
              (3 damage)
             ... on level 1 of the Dungeon.
             The game lasted 00:00:03 (50 turns).

qw the Shooter (Deep Elf Hunter)                      Turns: 50, Time: 00:00:03

Health: -2/12      AC:  3    Str:  8    XL:     1   Next: 41%
Magic:  3/3        EV: 12    Int: 13    God:
Gold:   9          SH:  0    Dex: 18    Spells: 0/0 levels left

rFire   . . .        a - +0 shortbow
rCold   . . .        (shield currently unavailable)
rNeg    . . .        c - +0 leather armour
rPois   .            (no helmet)
rElec   .            (no cloak)
rCorr   .            (no gloves)
SInv    .            (no boots)
Will    .....        (no amulet)
Stlth   ++           (no ring)
HPRegen 0.22/turn    (no ring)
MPRegen 0.08/turn

%: no passive effects
@: no status effects
A: no striking features
a: no special abilities


You were on level 1 of the Dungeon.
You visited 1 branch of the dungeon, and saw 1 of its levels.

You collected 9 gold pieces.


   Skills:
 - Level 1.5 Fighting
 + Level 5.5 Ranged Weapons
 - Level 2.4 Dodging
 - Level 1.2 Stealth


You couldn't memorise any spells.
You didn't know any spells.
Your spell library was empty.

Inventory:

Hand Weapons
 a - a +0 shortbow (weapon)
Armour
 c - a +0 leather armour (worn)
Scrolls
 b - a scroll of butterflies
 d - a scroll of identify {unknown}

Dungeon Overview and Level Annotations

Branches:
Dungeon (1/15)

Altars:


Message History

You shoot an arrow. The arrow hits the quokka.
The quokka is heavily wounded.
You shoot an arrow.
The arrow hits the quokka but does no damage.
The quokka is heavily wounded.
You shoot an arrow. The arrow closely misses the quokka.
You shoot an arrow. The arrow misses the quokka.
The quokka bites you but does no damage.
You shoot an arrow. The arrow closely misses the quokka.
The quokka twitches its whiskers.
The quokka bites you. The goblin hits you with a +0 dagger.
The quokka bites you but does no damage.
You shoot an arrow. The arrow barely misses the quokka.
A goblin comes into view. It is wielding a +0 dagger.
The goblin hits you but does no damage. The goblin barely misses you.
The quokka closely misses you.
You shoot an arrow. The arrow barely misses the quokka.
The goblin shouts!
The goblin closely misses you. The goblin hits you with a +0 dagger.
The quokka misses you. The goblin barely misses you.
The goblin hits you with a +0 dagger. The quokka closely misses you.
You shoot an arrow. The arrow closely misses the quokka.
The quokka barely misses you. The goblin hits you with a +0 dagger.
The goblin barely misses you.
You shoot an arrow. The arrow hits the quokka!
You kill the quokka!
A hobgoblin comes into view.
The goblin hits you but does no damage. The goblin hits you with a +0 dagger.
You shoot an arrow. The arrow closely misses the goblin.
The hobgoblin shouts!
The goblin hits you with a +0 dagger.
You shoot an arrow. The arrow hits the goblin!
You kill the goblin!
The goblin hits you with a +0 dagger.
You shoot an arrow. The arrow barely misses the goblin.
The goblin misses you. The goblin hits you but does no damage.
You shoot an arrow. The arrow hits the goblin.
The goblin is moderately wounded.
The goblin hits you but does no damage.
The goblin hits you with a +0 dagger. x2
You die...

.....#...#
.....#####..............
...............!........
........................
..<................>....
.................?......
........... ...g.^$.?
.....###### #.gg.#
.....#...######%@).##.#
.....#.}.#..............
.....#...#.....##...:...
.....#####..............
.....................!..
..........##########....
..........#### ...#
......#...(..# .##
......######.#


You could see a hobgoblin and 2 goblins.

Vanquished Creatures
  A giant cockroach (D:1)
  A quokka (D:1)
  A goblin (D:1)
3 creatures vanquished.

Notes
Turn   | Place    | Note
-------+----------+-------------------------------------------
     0 | D:1      | qw the Deep Elf Hunter began the quest for the Orb.
     0 | D:1      | Reached XP level 1. HP: 12/12 MP: 3/3
     0 | D:1      | 0 ||| qw: Version: 0.3-a-9-g12657ce
     0 | D:1      | 0 ||| qw: Game counter: 4654
     0 | D:1      | 0 ||| qw: Always use a shield: true
     0 | D:1      | 0 ||| qw: God list: Okawaru
     0 | D:1      | 0 ||| qw: Allow faded altars: false
     0 | D:1      | 0 ||| qw: Do Orc after D:15 true
     0 | D:1      | 0 ||| qw: Do second Lair branch before Depths: true
     0 | D:1      | 0 ||| qw: Lair rune preference: random
     0 | D:1      | 0 ||| qw: Plans: Normal
     0 | D:1      | 0 ||| PLANNING D:1-11
    48 | D:1      | HP: 3/12 [goblin/+0 dagger (1)]
    50 | D:1      | HP: 1/12 [goblin/+0 dagger (2)]
    50 | D:1      | Slain by a goblin

Levels and vault maps discovered:
D:1:      minmay_arrival_glassed_features, layout_rooms,
          chequers_ecumenical_altar_twisty

Action                     || total
---------------------------++-------
   Fire: Shortbow          ||    18
 Armour: Leather armour    ||     6
  Dodge: Dodged            ||    12

Table legend:
 A = Non-vault XP
 B = Vault XP
 C = Vault XP percentage of total XP
 D = Non-vault monster count
 E = Vault monster count
 F = Vault count percentage of total count
                 A         B        C        D         E       F
            +---------+---------+-------+---------+---------+-------
      Total |       5 |       0 |   0.0 |       3 |       0 |   0.0
            +---------+---------+-------+---------+---------+-------
        D:1 |       5 |       0 |   0.0 |       3 |       0 |   0.0
            +---------+---------+-------+---------+---------+-------
